 Dungeon Crawl Stone Soup version 0.27-a0-988-g25969acef8 (webtiles) character file.

Game seed: 18079415723613816349

36 harryhousin the Sneak (level 3, -2/31 HPs)
             Began as a Gnoll Wanderer on Apr 16, 2021.
             Slain by a goblin
             ... wielding a +0 club
             ... led by Robin
              (6 damage)
             ... on level 2 of the Dungeon.
             The game lasted 00:08:06 (1287 turns).

harryhousin the Sneak (Gnoll Wanderer)              Turns: 1287, Time: 00:08:07

Health: -2/31      AC:  2    Str:  9    XL:     3   Next: 37%
Magic:  1/7        EV: 11    Int: 18    God:
Gold:   60         SH:  0    Dex: 13    Spells: 6/7 levels left

rFire    . . .     SeeInvis .   c - +2 whip (spect)
rCold    . . .     Faith    .   (no shield)
rNeg     . . .     Spirit   .   d - +0 robe
rPois    .         Reflect  .   (no helmet)
rElec    .         Harm     .   (no cloak)
rCorr    .         Rampage  .   (no gloves)
Will     .....                  (no boots)
Stlth    +++.......             (no amulet)
HPRegen  0.10/turn              g - +6 ring of intelligence
MPRegen  0.10/turn              (no ring)

@: no status effects
A: fangs 1, strong nose, distributed training
a: no special abilities


You were on level 2 of the Dungeon.
You visited 1 branch of the dungeon, and saw 2 of its levels.

You collected 60 gold pieces.

Inventory:

Hand Weapons
 c - a +2 spectral whip (weapon)
Armour
 d - a +0 robe (worn)
Jewellery
 g - a +6 ring of intelligence (left hand)
Wands
 b - a wand of charming (15)
Potions
 a - a potion of lignification {unknown}
 f - a potion of might {unknown}


   Skills:
 + Level 4.5 Fighting
 + Level 0.7 Short Blades
 + Level 0.7 Long Blades
 + Level 0.7 Axes
 + Level 0.7 Maces & Flails
 + Level 0.7 Polearms
 + Level 0.7 Staves
 + Level 0.7 Slings
 + Level 0.7 Bows
 + Level 0.7 Crossbows
 + Level 0.7 Throwing
 + Level 0.7 Armour
 + Level 0.7 Dodging
 + Level 6.0 Stealth
 + Level 2.6 Shields
 + Level 0.7 Unarmed Combat
 + Level 2.8 Spellcasting
 + Level 0.5 Conjurations
 + Level 0.5 Hexes
 + Level 0.5 Summonings
 + Level 0.5 Necromancy
 + Level 0.5 Translocations
 + Level 0.5 Transmutations
 + Level 3.7 Fire Magic
 + Level 0.5 Ice Magic
 + Level 0.5 Air Magic
 + Level 0.5 Earth Magic
 + Level 0.5 Poison Magic
 + Level 0.9 Invocations
 + Level 2.6 Evocations


You had 6 spell levels left.
You knew the following spells:

 Your Spells              Type           Power      Damage    Failure   Level
a - Foxfire               Conj/Fire      40%        2x1d6     7%          1

Your spell library contained the following spells:

 Spells                   Type           Power      Damage    Failure   Level
 Apportation              Tloc           8%         N/A       14%         1
 Inner Flame              Hex/Fire       10%        N/A       21%         3
 Confusing Touch          Hex            4%         N/A       38%         3
 Gell's Gravitas          Tloc           2%         N/A       38%         3
 Lesser Beckoning         Tloc           2%         N/A       38%         3
 Tukima's Dance           Hex            4%         N/A       38%         3
 Petrify                  Tmut/Erth      4%         N/A       80%         4
 Alistair's Intoxication  Tmut/Pois      2%         N/A       98%         5
 Metabolic Englaciation   Hex/Ice        2%         N/A       98%         5
 Yara's Violent Unravell  Hex/Tmut       2%         3d3       98%         5
 Invisibility             Hex            4%         N/A       100%        6


Dungeon Overview and Level Annotations

Branches:
Dungeon (2/15)

Altars:

Annotations:
D:2 Robin, Sigmund


Innate Abilities, Weirdness & Mutations

You have very sharp teeth.
Your uncanny sense of smell can sniff out nearby items.
Your experience applies equally to all skills.


Message History

Nothing appears to happen.
The foxfire hits the hobgoblin.
You kill the hobgoblin!
The foxfire hits Sigmund.
Sigmund is moderately wounded.
Robin roars a battlecry!
The goblins go into a battle-frenzy!
The goblin unwields a +0 dagger.
The goblin wields a +0 hunting sling.
The goblin shoots a stone.
The stone barely misses you.
You hear a shout!
Robin throws the goblin at you! The goblin barely misses you.
The goblin shoots a stone.
The stone hits you.
You barely miss the goblin. You bite the goblin, but do no damage.
Sigmund barely misses you.
The goblin shoots a stone.
The stone hits you. The goblin hits you but does no damage.
You closely miss the goblin. Sigmund completely misses you.
The goblin shoots a stone.
The stone barely misses you. The goblin misses you.
You barely miss the goblin. Robin throws the goblin at you!
A goblin comes into view. It is wielding a +0 club.
Sigmund hits you from afar with a +0 scythe!
The goblin shoots a stone.
The stone closely misses you.
The stone closely misses the goblin.
The goblin barely misses you. The goblin hits you with a +0 club.
* * * LOW HITPOINT WARNING * * *
A hobgoblin comes into view.
The goblin closely misses you.
As you read the scroll labelled ERPHAE NETRIAS, it crumbles to dust.
It is a scroll of brand weapon.
Your +2 whip of electrocution acquires a faint afterimage.
c - a +2 spectral whip (weapon)
Sigmund barely misses you.
The goblin shoots a stone.
The stone barely misses you.
The stone closely misses the goblin.
The goblin barely misses you. The goblin closely misses you.
The goblin barely misses you.
The goblin shoots a stone.
The stone barely misses you. The goblin hits you with a +0 club.
* * * LOW HITPOINT WARNING * * *
The goblin barely misses you. Sigmund barely misses you.
Your magical contamination has completely faded away.
The goblin hits you with a +0 club.
You die...

....# )....
...###..... #
#..g.†g.$.#. ##.
##...>)g.....
...#####.........#...
..........@g........#
...........g.#...##.#
..........g.g....... .
>.(.........@.....##§.
.....................#
......................
..............<....#
................#.....
..................##!.
.................#...
####...............#..
.................# .


You could see Sigmund, Robin, a hobgoblin and 5 goblins.

Vanquished Creatures
  3 dart slugs (D:1)
  3 endoplasms (D:1)
  4 hobgoblins
  4 kobolds (D:1)
  A quokka (D:2)
  3 ball pythons (D:1)
  4 bats (D:1)
  A frilled lizard (D:1)
  4 goblins
  A rat (D:1)
28 creatures vanquished.

Vanquished Creatures (others)
  30 foxfires
30 creatures vanquished.

Grand Total: 58 creatures vanquished

Notes
Turn   | Place    | Note
-------+----------+-------------------------------------------
     0 | D:1      | harryhousin the Gnoll Wanderer began the quest for the Orb.
     0 | D:1      | harryhousin set off with the following items: a +0 spear, a
                  | wand of charming (15), a +0 robe, a +0 dagger; and the
                  | following spell memorised: Foxfire; and the following
                  | spells available to memorise: Inner Flame
     0 | D:1      | Reached XP level 1. HP: 20/20 MP: 4/4
   176 | D:1      | Reached XP level 2. HP: 26/26 MP: 0/5
   284 | D:1      | Found a faded altar of an unknown god.
   670 | D:1      | Reached XP level 3. HP: 30/31 MP: 2/7
  1274 | D:2      | Noticed Sigmund
  1276 | D:2      | Reached skill level 6 in Stealth
  1276 | D:2      | Noticed Robin
  1287 | D:2      | Slain by a goblin

Illustrated notes

Levels and vault maps discovered:
D:1:      heliophobic_arrival_battle_scene, layout_loops_cross,
          ebering_ecumenical_altar_rust
D:2:      layout_rooms, chequers_mini_garden, st_stairs_13,
          hangedman_decor_points, uniq_robin, uniq_sigmund,
          uniq_crazy_yiuf_cottage

Skill      XL: |  1  2  3 |
---------------+----------+-----
Stealth        | 6 |  6.0
Fighting       | |  4.5
Short Blades   | |  0.7
Long Blades    | |  0.7
Axes           | |  0.7
Maces & Flails | |  0.7
Polearms       | |  0.7
Staves         | |  0.7
Slings         | |  0.7
Bows           | |  0.7
Crossbows      | |  0.7
Throwing       | |  0.7
Armour         | |  0.7
Dodging        | |  0.7
Shields        | |  2.6
Unarmed Combat | |  0.7
Spellcasting   | |  2.8
Conjurations   | |  0.5
Hexes          | |  0.5
Summonings     | |  0.5
Necromancy     | |  0.5
Translocations | |  0.5
Transmutations | |  0.5
Fire Magic     | |  3.7
Ice Magic      | |  0.5
Air Magic      | |  0.5
Earth Magic    | |  0.5
Poison Magic   | |  0.5
Invocations    | |  0.9
Evocations     | |  2.6

Action                   || total
-------------------------++-------
Melee: Whip              ||    36
       Spear             ||     2
       Bite              ||     3
 Cast: Foxfire           ||    28
  Use: Scroll            ||     1
 Stab: Sleeping          ||     2
Armor: Robe              ||    13
Dodge: Dodged            ||    44

Table legend: (Time is in decaauts)
 A = Elapsed time spent in this place.
 B = Non-inter-level travel time spent in this place.
 C = Inter-level travel time spent in this place.
 D = Time resting spent in this place.
 E = Time spent auto-exploring this place.
 F = Levels seen in this place.
 G = Mean time per level.
                   A        B        C        D        E       F      G
               +--------+--------+--------+--------+--------+-----+--------+
         Total |   1288 |   1266 |     22 |    306 |    596 |   2 |  644.0 |
       Dungeon |   1288 |   1266 |     22 |    306 |    596 |   2 |  644.0 |
               +--------+--------+--------+--------+--------+-----+--------+

Top non-repeatable levels by time:
     D:1: 1254 daAuts
     D:2: 34 daAuts
